 Dungeon Crawl Stone Soup version 0.24-a0-182-gc7eaa07895 (webtiles) character file.

Game seed: 15036450209071952982

195509 MirrMurr the Unseen (level 17, -1/87 (88) HPs)
             Began as a Spriggan Enchanter on Mar 13, 2019.
             Was the Champion of Okawaru.
             Killed by the air
             ... invoked by a wind drake
              (21 damage)
             ... on level 2 of the Shoals on Mar 15, 2019.
             The game lasted 02:43:21 (48917 turns).

MirrMurr the Unseen (Spriggan Enchanter)           Turns: 48917, Time: 02:43:22

HP:   -1/87 (88)    AC: 23    Str:  9    XL:     17   Next: 71%
MP:   33/33         EV: 30    Int: 16    God:    Okawaru [******]
Gold: 2932          SH: 11    Dex: 19    Spells: 12/39 levels left

rFire    . . .     SeeInvis +   a - +7 dagger (venom)
rCold    . . .     Gourm    .   h - +0 buckler {AC+3}
rNeg     . . .     Faith    .   E - +1 swamp dragon scales "Atzalepn" {rPois Regen+ Stlth+}
rPois    +         Spirit   .   N - +0 mask of the Dragon {MR+ Slay+3 SInv}
rElec    .         Reflect  +   D - +2 cloak {MR+}
rCorr    .         Harm     .   (gloves unavailable)
MR       ++++.                  (boots unavailable)
Stlth    ++++......             R - +3 amulet of reflection
HPRegen  0.64/turn              F - +5 ring of protection
MPRegen  0.23/turn              Z - +4 ring of protection

@: slow
A: very small, unfitting armour, see invisible, herbivore, speed 3, slow
metabolism 2
}: 1/15 runes: gossamer
a: Heroism, Finesse, Renounce Religion


You were on level 2 of the Shoals.
You worshipped Okawaru.
Okawaru was exalted by your worship.
You were not hungry.

You visited 6 branches of the dungeon, and saw 30 of its levels.
You also visited: Sewer and Gauntlet.

You collected 3366 gold pieces.
You spent 434 gold pieces at shops.

Inventory:

Hand Weapons
 a - a +7 dagger of venom (weapon)
 b - a +3 fustibalus
 q - a +0 blowgun
 w - the +4 rapier of Conformity {flame, MR+}
   (You found it on level 3 of the Spider Nest)

   It has been specially enchanted to burn those struck by it, causing extra
   injury to most foes and up to half again as much damage against particularly
   susceptible opponents.
   It affects your resistance to hostile enchantments.
 T - a +10 quick blade
Missiles
 d - 7 throwing nets {!f}
 k - 725 stones (quivered)
 t - 301 sling bullets
 v - 5 curare-tipped needles
 C - 143 poisoned needles
Armour
 h - a +0 buckler of protection (worn)
 D - a +2 cloak of magic resistance (worn)
 E - the +1 swamp dragon scales "Atzalepn" (worn) {rPois Regen+ Stlth+}
   (Okawaru gifted it to you on level 10 of the Dungeon)

   It protects you from poison.
   It increases your rate of regeneration.
   It makes you more stealthy.
 N - the +0 mask of the Dragon (worn) {MR+ Slay+3 SInv}
   (You bought it in a shop on level 2 of the Orcish Mines)

   It affects your accuracy and damage with ranged weapons and melee attacks
   (+3).
   It affects your resistance to hostile enchantments.
   It lets you see invisible.
Jewellery
 y - an uncursed ring of positive energy
 F - a +5 ring of protection (left hand)
 G - an uncursed ring of protection from cold
 O - an uncursed ring of resist corrosion
 Q - an uncursed ring of protection from fire
 R - a +3 amulet of reflection (around neck)
 X - an uncursed ring of flight
 Z - a +4 ring of protection (right hand)
Wands
 p - a wand of acid (27)
 I - a wand of iceblast (27)
 P - a wand of paralysis (7)
 V - a wand of digging (13)
Scrolls
 i - 6 scrolls of identify
 j - 3 scrolls of fog
 l - 8 scrolls of teleportation
 n - a scroll of vulnerability
 r - 11 scrolls of remove curse
 A - 3 scrolls of magic mapping
 K - 3 scrolls of fear
 L - 5 scrolls of blinking
 S - 2 scrolls of immolation
 W - 10 scrolls of enchant armour
Potions
 e - 3 potions of ambrosia
 f - 11 potions of curing
 g - 5 potions of might
 m - 3 potions of brilliance
 s - 3 potions of agility
 u - 4 potions of cancellation
 x - 6 potions of mutation
 z - 4 potions of magic
 B - 2 potions of lignification
 H - 2 potions of invisibility
 J - 4 potions of resistance
 M - 4 potions of heal wounds
 U - a potion of berserk rage
 Y - 4 potions of haste
Comestibles
 c - 17 rations


   Skills:
 + Level 9.6 Fighting
 * Level 12.3 Short Blades
 - Level 10.0 Slings
 + Level 18.4 Dodging
 + Level 19.0 Stealth
 - Level 7.4 Shields
 + Level 11.9 Spellcasting
 - Level 12.0 Hexes
 * Level 6.0 Summonings
 - Level 3.0 Transmutations
 - Level 3.0 Earth Magic
 - Level 9.0 Invocations


You had 12 spell levels left.
You knew the following spells:

 Your Spells              Type           Power        Failure   Level  Hunger
a - Ensorcelled Hibernat  Hex/Ice        ####..       2%          2    None
b - Confuse               Hex            #####...     1%          3    None
c - Tukima's Dance        Hex            #####...     1%          3    None
d - Dazzling Spray        Conj/Hex       ####..       5%          3    None
e - Call Imp              Summ           ####....     2%          2    None
f - Passwall              Tmut/Erth      ###.....     9%          2    None
g - Summon Ice Beast      Ice/Summ       ###.....     52%         4    ##.....
m - Confusing Touch       Hex            #####.       1%          1    None
r - Regeneration          Chrm/Necr      #.........   54%         3    None
s - Summon Lightning Spi  Summ/Air       ###.....     52%         4    ##.....

Your spell library contained the following spells:

 Spells                   Type           Power        Failure   Level  Hunger
 Corona                   Hex            #####..      1%          1    None
 Summon Small Mammal      Summ           ####         1%          1    None
 Summon Guardian Golem    Hex/Summ       #####...     1%          3    None
 Call Canine Familiar     Summ           ####....     5%          3    None
 Sandblast                Erth           ###...       6%          1    None
 Animate Skeleton         Necr           N/A          22%         1    None
 Pain                     Necr           #...         22%         1    None
 Shock                    Conj/Air       #...         22%         1    None
 Yara's Violent Unravell  Hex/Tmut       ####......   26%         5    #####..
 Swiftness                Chrm/Air       #.......     32%         2    None
 Stone Arrow              Conj/Erth      ##....       34%         3    None
 Metabolic Englaciation   Hex/Ice        ####......   45%         5    #####..
 Petrify                  Tmut/Erth      ###.....     52%         4    ##.....
 Gell's Gravitas          Tloc           #.........   54%         3    None
 Static Discharge         Conj/Air       #.......     54%         3    None
 Vampiric Draining        Necr           #.........   54%         3    None
 Lee's Rapid Deconstruct  Erth           ###.......   86%         5    #####..
 Airstrike                Air            #.........   91%         4    ##.....
 Animate Dead             Necr           N/A          91%         4    ##.....
 Lightning Bolt           Conj/Air       #.........   99%         5    #####..


Dungeon Overview and Level Annotations

Branches:
Dungeon (15/15)            Temple (1/1) D:4            Lair (6/6) D:9
 Shoals (2/4) Lair:4       Spider (4/4) Lair:4        Slime (0/5) Lair:5
    Orc (2/2) D:12            Elf (0/3) Orc:2        Vaults (0/5) D:14
 Depths (0/5) D:15

Altars:
Ashenzari
Cheibriados
Dithmenos
Elyvilon
Fedhas
Gozag
Hepliaklqana
Kikubaaqudgha
Makhleb
Nemelex Xobeh
Okawaru
Qazlal
Ru
Sif Muna
Trog
Uskayaw
Vehumet
Wu Jian
Xom
Yredelemnul
Zin
The Shining One
Beogh
Jiyva

Shops:
D:5 !   Orc:2 [[(*

Annotations:
D:10 3 runed translucent doors, exclusion: obsidian statue, PikkenKukken's ghost, journeyman VSFi
D:15 3 runed translucent doors, Wummyff's ghost, amateur MiGl


Innate Abilities, Weirdness & Mutations

You are very small and have problems with some larger weapons.
You are too small for most types of armour.
You have supernaturally acute eyesight. (SInv)
You are a herbivore.
You cover ground extremely quickly.
You need to consume almost no food.


Message History

You enter the shallow water.
Moving in this stuff is going to be slow.
You block the wind drake's attack. The wind drake flaps its wings at you.
The air twists around and strikes you!
The water nymph gestures at you while chanting.
The water swirls and strikes you!
The merfolk hits you from afar with a +0 trident of venom!
The water elemental hits you.
The water elemental engulfs you in water!
You slip free of the water engulfing you.
You gasp with relief as air once again reaches your lungs.
The wind drake exhales a fierce blast of wind!
You are blown backwards!
The wind drake flaps its wings at you. The air twists around and strikes you!
* * * LOW HITPOINT WARNING * * *
The wind drake flaps its wings at you. The air twists around and strikes you!
You die...

..##.≈≈≈≈≈≈≈≈≈P≈≈≈≈.≈..#.###≈≈≈≈≈
..#.....≈≈≈≈≈≈PPP≈......≈≈≈≈≈≈≈≈≈
.......≈≈≈≈≈≈≈P≈....P...≈≈≈≈≈≈≈≈≈
.###...≈≈≈≈P≈≈....)...P.≈≈≈≈≈≈≈≈≈
## ##.≈≈≈≈≈≈≈....÷P...).≈≈≈≈≈≈≈≈≈
####..≈≈≈≈≈≈P.P≈...P.<...≈≈≈≈≈≈≈≈
.....≈≈≈≈≈≈≈≈..P.P.....P≈≈≈≈≈≈≈≈≈
≈...††≈≈≈≈≈≈≈≈≈≈≈≈PPPPP≈≈P≈≈≈≈≈≈≈
≈≈≈≈≈≈≈≈≈≈≈≈P≈≈≈@PPP#PP≈P≈≈≈≈≈≈≈≈
≈≈≈)≈≈≈≈≈≈≈≈P≈≈≈≈P≈.##..≈≈≈≈≈≈≈≈≈
≈≈≈≈≈≈≈≈≈≈≈≈P.P≈≈≈≈P.##..≈≈≈≈≈≈≈≈
..≈≈≈≈≈≈≈≈≈≈≈≈.E.≈P..###≈≈≈≈≈≈≈≈≈
....†≈≈≈≈≈≈≈≈≈≈mPP..#...≈≈≈≈≈≈≈≈≈
#......≈≈≈≈≈≈≈≈≈P....PP≈≈≈≈≈≈≈≈≈≈
#####.....≈≈≈k≈≈≈≈≈≈PP≈≈≈≈≈≈≈≈≈≈≈
##..#..?P≈≈≈≈≈≈≈P.P≈≈≈≈≈≈≈≈≈≈
.####....≈≈≈≈≈≈...≈≈≈≈≈≈≈≈≈≈


You could see a wind drake, a merfolk and a water elemental.

Vanquished Creatures
  Saint Roka (Orc:2)
  Arachne (Spider:3)
  Rupert (Spider:1)
  Kirke (D:15)
  A tengu reaver (D:15)
  4 ghost moths
  4 emperor scorpions
  An orc warlord (D:12)
  5 entropy weavers
  A dire elephant (D:15)
  2 spark wasps (Spider:4)
  A merfolk impaler (Shoals:1)
  2 yaktaur captains (D:15)
  3 fire dragons
  9 hydras
  4 vault guards (D:14)
  4 centaur warriors
  A two-headed ogre (Orc:1)
  6 death yaks (Lair:4)
  An orc high priest (Orc:2)
  Sonja (Lair:1)
  Nergalle (Lair:3)
  2 unseen horrors
  A swamp dragon (Lair:6)
  A deep elf archer (D:14)
  3 harpies (Shoals:2)
  2 lindwurms (Lair:6)
  4 orc knights
  5 cyclopes
  4 oklob plants (Lair:4)
  A faun (Shoals:1)
  11 ugly things
  A wolf spider zombie (D:14)
  3 orc sorcerers
  22 orb spiders
  33 wolf spiders
  3 deep elf magi
  A salamander (D:15)
  4 manticores
  3 moths of wrath (Spider:4)
  14 elephants
  3 merfolk sirens
  6 torpor snails
  5 black mambas
  5 centaur zombies
  3 water nymphs
  2 gargoyles
  2 kobold demonologists
  16 spiny frogs
  An efreet (D:9)
  6 rime drakes
  21 demonic crawlers
  5 komodo dragons
  3 meliai (Spider:3)
  A queen bee (D:11)
  A harpy zombie (D:15)
  7 trolls
  3 tyrant leeches (Lair:6)
  43 jumping spiders
  3 merfolk
  3 wind drakes
  13 hornets
  Grinder (D:3)
  14 dream sheep
  12 blink frogs
  4 slime creatures
  3 snapping turtles
  20 hippogriffs
  A centaur simulacrum (D:9)
  2 vampires (D:13)
  77 redbacks
  36 tarantellas
  A shadow (D:14)
  7 humans (D:14)
  2 wraiths
  8 wyverns
  4 yaks
  3 basilisks
  2 steam dragons (Lair:6)
  4 vampire mosquitoes (D:12)
  Menkaure (D:4)
  4 wargs
  18 water moccasins
  2 acid dragons (D:13)
  3 soldier ants
  8 porcupines
  A swamp drake (Lair:6)
  41 orc warriors
  4 ice beasts
  Purgy (Sewer)
  4 eyes of draining
  4 sky beasts
  A phantom (D:10)
  2 black bears
  19 ogres
  4 necrophages (D:11)
  An ogre (shapeshifter) (D:13)
  13 wolves
  14 centaurs
  16 crocodiles
  2 big kobolds
  14 bullfrogs
  An elf skeleton (D:11)
  4 scorpions
  34 killer bees
  22 wights
  5 electric eels
  A bullfrog zombie (D:10)
  4 crimson imps
  2 human zombies (D:11)
  37 orc priests
  3 centaur skeletons
  6 hounds
  6 jellies
  2 gnoll shamans
  32 orc wizards
  5 bullfrog skeletons
  3 iguanas
  Ijyb (D:3)
  8 worker ants
  3 mummies (D:11)
  A hound skeleton (D:7)
  A worker ant zombie (D:11)
  21 gnolls
  4 adders
  A river rat (D:3)
  A shadow imp (D:13)
  5 oozes
  2 adder skeletons
  5 worms
  2 dart slugs
  5 leopard geckos
  133 orcs
  6 giant cockroaches
  6 goblins
  6 hobgoblins
  12 jackals
  17 kobolds
  A quokka (D:6)
  2 ball pythons
  7 bats
  9 frilled lizards
  2 gnoll zombies (D:2)
  A leopard gecko skeleton (D:4)
  5 rats
  A plant (Lair:6)
1138 creatures vanquished.

Vanquished Creatures (collateral kills)
  2 jumping spiders (Lair:4)
  2 wights
4 creatures vanquished.

Vanquished Creatures (others)
  2 fauns (Shoals:1)
  A jumping spider (Spider:4)
  A redback (Spider:4)
  4 humans
  A dancing weapon (D:8)
  A bush (Lair:2)
  14 demonic plants (Gauntlet)
  35 fungi
  39 plants
98 creatures vanquished.

Grand Total: 1240 creatures vanquished

Notes
Turn   | Place    | Note
-------+----------+-------------------------------------------
     0 | D:1      | MirrMurr the Spriggan Enchanter began the quest for the
                  | Orb.
     0 | D:1      | Reached XP level 1. HP: 9/9 MP: 5/5
   637 | D:1      | Reached XP level 2. HP: 13/13 MP: 6/6
   641 | D:1      | Learned a level 2 spell: Ensorcelled Hibernation
   649 | D:1      | Reached skill level 5 in Stealth
  1559 | D:2      | Reached XP level 3. HP: 16/16 MP: 8/8
  1564 | D:2      | Learned a level 3 spell: Confuse
  1604 | D:2      | Found a deep blue altar of Sif Muna.
  2283 | D:2      | Reached skill level 1 in Shields
  2310 | D:2      | Reached XP level 4. HP: 14/21 MP: 1/9
  2640 | D:2      | Reached skill level 6 in Stealth
  2898 | D:2      | Reached XP level 5. HP: 24/24 MP: 6/10
  2903 | D:2      | Learned a level 3 spell: Tukima's Dance
  3697 | D:2      | Found a basalt altar of Yredelemnul.
  3813 | D:3      | Found a glowing golden altar of the Shining One.
  3907 | D:3      | Found a glowing drain.
  3924 | D:3      | Reached XP level 6. HP: 28/28 MP: 0/11
  3934 | Sewer    | Entered a sewer
  4011 | Sewer    | Noticed Purgy
  4013 | Sewer    | Killed Purgy
  4013 | Sewer    | Reached skill level 7 in Stealth
  4288 | D:3      | Found a stormy altar of Qazlal.
  4314 | D:3      | Noticed Grinder
  5006 | D:4      | Reached XP level 7. HP: 32/32 MP: 5/12
  5007 | D:4      | Found a shattered altar of Ashenzari.
  5047 | D:4      | Found a staircase to the Ecumenical Temple.
  5073 | Temple   | Entered the Ecumenical Temple
  5281 | Temple   | Became a worshipper of Warmaster Okawaru
  5792 | D:4      | Reached skill level 8 in Stealth
  6474 | D:4      | Reached skill level 5 in Short Blades
  6735 | D:5      | Entered Level 5 of the Dungeon
  6735 | D:5      | Noticed Menkaure
  6773 | D:5      | Learned a level 3 spell: Dazzling Spray
  6808 | D:4      | Killed Menkaure
  6856 | D:5      | Reached * piety under Okawaru
  6856 | D:5      | Reached XP level 8. HP: 36/36 MP: 10/14
  6858 | D:5      | Found Roaliat's Distillery.
  6948 | D:5      | Found a large runed translucent door.
  6948 | D:5      | Found a large runed translucent door.
  6961 | D:5      | Found a radiant altar of Vehumet.
  7162 | D:5      | Reached skill level 5 in Hexes
  7739 | D:5      | Noticed loom's ghost (novice VSEn)
  8136 | D:6      | Found a sparkling altar of Nemelex Xobeh.
  8363 | D:6      | Found a shadowy altar of Dithmenos.
  8889 | D:7      | Reached skill level 5 in Shields
  9051 | D:7      | Upgraded the game from 0.24-a0-177-g4d90231847 to
                  | 0.24-a0-181-gd121a6d4c0
  9105 | D:7      | Reached ** piety under Okawaru
  9113 | D:7      | Noticed a hippogriff
  9267 | D:7      | Killed a hippogriff
  9615 | D:8      | Reached XP level 9. HP: 15/39 MP: 2/16
  9890 | D:8      | Found a blossoming altar of Fedhas.
 10434 | D:8      | Found an opulent altar of Gozag.
 10646 | D:8      | Got an ancient iron amulet
 10716 | D:8      | Learned a level 2 spell: Call Imp
 11182 | D:8      | Reached *** piety under Okawaru
 11182 | D:8      | Reached skill level 1 in Fighting
 11182 | D:8      | Reached skill level 1 in Invocations
 11384 | D:9      | Noticed a seven-headed hydra
 11387 | D:9      | Noticed a centaur warrior
 11526 | D:9      | Identified the amulet "Icikop" {Faith +Inv rF- Int+4} (You
                  | found it on level 8 of the Dungeon)
 11536 | D:9      | Found a sacrificial altar of Ru.
 11546 | D:9      | Noticed a cyclops
 11669 | D:9      | Noticed an efreet
 11680 | D:9      | Killed a cyclops
 11848 | D:9      | Reached skill level 5 in Dodging
 11854 | D:9      | Reached XP level 10. HP: 34/46 MP: 9/17
 11986 | D:9      | Reached **** piety under Okawaru
 12686 | D:9      | Found a staircase to the Lair.
 12733 | D:9      | Killed a seven-headed hydra
 12811 | D:9      | Killed a centaur warrior
 13014 | D:9      | Reached skill level 5 in Invocations
 13347 | D:9      | Identified the +0 leather armour of Evolution {rPois rN+
                  | Regen+}
 13384 | D:9      | Reached ***** piety under Okawaru
 13891 | D:9      | Reached skill level 9 in Stealth
 14103 | D:10     | Entered Level 10 of the Dungeon
 14338 | D:10     | Received a gift from Okawaru
 14340 | D:10     | Got steaming swamp dragon scales {god gift}
 14354 | D:9      | Identified the +1 swamp dragon scales "Atzalepn" {rPois
                  | Regen+ Stlth+} (Okawaru gifted it to you on level 10 of the
                  | Dungeon)
 14508 | D:10     | Reached XP level 11. HP: 52/52 MP: 10/18
 14530 | D:10     | Found a runed translucent gate.
 14530 | D:10     | Found a runed translucent gate.
 14530 | D:10     | Found a runed translucent gate.
 14542 | D:10     | Found an opulent altar of Gozag.
 14543 | D:10     | Noticed an obsidian statue
 14710 | D:10     | Noticed a brown ugly thing
 14739 | D:10     | Killed a brown ugly thing
 15178 | D:10     | Noticed PikkenKukken's ghost (journeyman VSFi)
 15180 | D:10     | Noticed a deep troll
 15646 | D:11     | Reached skill level 10 in Dodging
 15646 | D:11     | Reached skill level 10 in Stealth
 15756 | D:11     | Found an ancient bone altar of Kikubaaqudgha.
 16726 | D:11     | Reached skill level 11 in Stealth
 17825 | Lair:1   | Entered Level 1 of the Lair of Beasts
 17830 | Lair:1   | Noticed Sonja
 18419 | Lair:1   | Reached skill level 12 in Stealth
 18678 | Lair:2   | Reached XP level 12. HP: 40/55 MP: 0/19
 18886 | Lair:2   | Received a gift from Okawaru
 19725 | Lair:2   | Noticed a seven-headed hydra
 19732 | Lair:2   | Killed a seven-headed hydra
 19851 | Lair:2   | Reached skill level 5 in Spellcasting
 20208 | Lair:3   | Noticed a six-headed hydra
 20238 | Lair:2   | Noticed an eight-headed hydra
 20352 | Lair:2   | Killed a seven-headed hydra
 20514 | Lair:2   | Killed a six-headed hydra
 21261 | Lair:3   | Noticed an eight-headed hydra
 21285 | Lair:3   | Killed an eight-headed hydra
 21325 | Lair:3   | Noticed Nergalle
 21396 | Lair:3   | Killed Nergalle
 21502 | Lair:3   | Reached ****** piety under Okawaru
 21517 | Lair:3   | Reached skill level 13 in Stealth
 21546 | Lair:3   | Received a gift from Okawaru
 21620 | Lair:3   | You fall through a shaft for 2 floors!
 22241 | Lair:4   | Noticed an eight-headed hydra
 22275 | Lair:4   | Reached XP level 13. HP: 62/62 MP: 21/23
 22343 | Lair:4   | Found a staircase to the Shoals.
 22431 | Lair:4   | Found a hole to the Spider Nest.
 22754 | Lair:4   | Reached skill level 5 in Fighting
 23121 | Lair:4   | Received a gift from Okawaru
 23313 | Lair:4   | Reached skill level 10 in Hexes
 23939 | Lair:5   | Found a viscous altar of Jiyva.
 23939 | Lair:5   | Found a staircase to the Slime Pits.
 24084 | Lair:5   | Reached skill level 14 in Stealth
 24123 | Lair:5   | Reached skill level 10 in Short Blades
 24761 | Lair:6   | Entered Level 6 of the Lair of Beasts
 25458 | Lair:6   | Reached skill level 15 in Stealth
 25664 | Lair:6   | Received a gift from Okawaru
 25790 | Lair:6   | Reached skill level 15 in Dodging
 26594 | Lair:6   | Found a runed translucent door.
 26594 | Lair:6   | Noticed a fire dragon
 26622 | Lair:6   | Killed a fire dragon
 26622 | Lair:6   | Reached XP level 14. HP: 69/69 MP: 24/24
 27277 | Lair:6   | Received a gift from Okawaru
 27278 | Lair:6   | Got brightly glowing pearl dragon scales {god gift}
 28665 | D:3      | Noticed Ijyb
 28667 | D:3      | Killed Ijyb
 28674 | D:3      | Killed Grinder
 29340 | D:12     | Found a gate leading to a gauntlet.
 29362 | Gauntlet | Entered a Gauntlet
 29362 | Gauntlet | Found a transporter.
 29362 | Gauntlet | Found a transporter.
 29362 | Gauntlet | Found a transporter.
 29371 | Gauntlet | Found a transporter.
 29373 | Gauntlet | Found a large runed translucent door.
 29374 | Gauntlet | Found a large runed translucent door.
 29375 | Gauntlet | Found a large runed translucent door.
 29375 | Gauntlet | Found a large runed translucent door.
 29375 | Gauntlet | Found a runed translucent door.
 29375 | Gauntlet | Found a runed translucent door.
 29376 | Gauntlet | Found a large runed translucent door.
 29377 | Gauntlet | Found a large runed translucent door.
 29378 | Gauntlet | Found a large runed translucent door.
 29378 | Gauntlet | Found a large runed translucent door.
 29379 | Gauntlet | Found a runed translucent gate.
 29379 | Gauntlet | Found a runed translucent gate.
 29379 | Gauntlet | Found a runed translucent gate.
 29381 | Gauntlet | Found a transporter.
 29390 | Gauntlet | Found a large runed translucent door.
 29390 | Gauntlet | Found a large runed translucent door.
 29391 | Gauntlet | Found a large runed translucent door.
 29392 | Gauntlet | Found a large runed translucent door.
 29396 | Gauntlet | Found a transporter.
 29406 | Gauntlet | Found a transporter.
 29421 | Gauntlet | Found a transporter.
 29427 | Gauntlet | Found a transporter.
 29441 | Gauntlet | Found a transporter.
 29446 | Gauntlet | Found a transporter.
 29461 | Gauntlet | Found a large runed translucent door.
 29462 | Gauntlet | Found a large runed translucent door.
 29463 | Gauntlet | Found a large runed translucent door.
 29463 | Gauntlet | Found a large runed translucent door.
 29475 | Gauntlet | Found a transporter.
 29475 | Gauntlet | Noticed a reaper
 29788 | D:12     | Found a staircase to the Orcish Mines.
 29922 | D:12     | Identified the +1 pearl dragon scales of Wazoefaa {rF+ rN+
                  | Str+5} (Okawaru gifted it to you on level 6 of the Lair of
                  | Beasts)
 30096 | D:12     | Reached skill level 1 in Summonings
 30136 | D:12     | Reached skill level 16 in Stealth
 31828 | D:13     | Reached skill level 1 in Slings
 32291 | D:14     | Learned a level 2 spell: Passwall
 32583 | D:14     | Received a gift from Okawaru
 32807 | D:14     | Received a gift from Okawaru
 33163 | D:14     | Received a gift from Okawaru
 33865 | D:14     | Learned a level 1 spell: Confusing Touch
 33869 | D:14     | Learned a level 3 spell: Regeneration
 34104 | D:14     | Received a gift from Okawaru
 34117 | D:14     | Found a gate to the Vaults.
 34172 | D:15     | Entered Level 15 of the Dungeon
 34248 | D:15     | Reached XP level 15. HP: 74/74 MP: 18/28
 34254 | D:15     | Learned a level 4 spell: Summon Lightning Spire
 34806 | D:15     | Found a runed translucent gate.
 34807 | D:15     | Found a runed translucent gate.
 34808 | D:15     | Found a runed translucent gate.
 34816 | D:15     | Noticed Wummyff's ghost (amateur MiGl)
 34931 | D:15     | Noticed a tengu reaver
 35050 | D:15     | Reached skill level 5 in Slings
 35134 | D:15     | Killed a tengu reaver
 35367 | D:15     | Noticed Kirke
 35398 | D:15     | Killed Kirke
 35398 | D:15     | Received a gift from Okawaru
 35557 | D:15     | Found a staircase to the Depths.
 35581 | D:15     | Reached skill level 5 in Summonings
 35948 | Orc:1    | Entered Level 1 of the Orcish Mines
 35951 | Orc:1    | Noticed an orc warlord
 36011 | D:12     | Killed an orc warlord
 36339 | Orc:1    | Reached skill level 17 in Stealth
 37249 | Orc:2    | Entered Level 2 of the Orcish Mines
 37343 | Orc:2    | Found a roughly hewn altar of Beogh.
 37694 | Orc:2    | Found a staircase to the Elven Halls.
 37741 | Orc:2    | Found a roughly hewn altar of Beogh.
 37822 | Orc:2    | Found a roughly hewn altar of Beogh.
 37945 | Orc:2    | Found a roughly hewn altar of Beogh.
 37947 | Orc:2    | Found Eggude's General Store.
 38146 | Orc:2    | Found a roughly hewn altar of Beogh.
 38152 | Orc:2    | Found Ofacyel's Armour Shop.
 38507 | Orc:2    | Noticed Saint Roka
 38658 | Orc:2    | Killed Saint Roka
 38700 | Orc:2    | Found Nibaica's Antique Armour Emporium.
 38700 | Orc:2    | Found a roughly hewn altar of Beogh.
 38714 | Orc:2    | Found Zoeben's Antique Weapon Shoppe.
 38833 | Orc:2    | Found a roughly hewn altar of Beogh.
 38975 | Orc:2    | Bought the +0 mask of the Dragon {MR+ Slay+3 SInv} for 434
                  | gold pieces
 38975 | Orc:2    | Found the +0 mask of the Dragon {MR+ Slay+3 SInv}
 39342 | Lair:1   | Killed Sonja
 39515 | Spider:1 | Entered Level 1 of the Spider Nest
 39525 | Spider:1 | Received a gift from Okawaru
 39706 | Spider:1 | Noticed Rupert
 39793 | Spider:1 | Killed Rupert
 39793 | Spider:1 | Reached skill level 10 in Spellcasting
 39822 | Spider:1 | Reached XP level 16. HP: 37/80 MP: 31/31
 40359 | Spider:1 | Received a gift from Okawaru
 41111 | Spider:1 | Received a gift from Okawaru
 42127 | Spider:2 | Received a gift from Okawaru
 42437 | Spider:3 | Identified the +4 rapier of Conformity {flame, MR+} (You
                  | found it on level 3 of the Spider Nest)
 42511 | Spider:3 | Received a gift from Okawaru
 42532 | Spider:3 | Identified the +3 buckler of Eternal Night {rPois rN+ Int-4
                  | Dex+8} (Okawaru gifted it to you on level 3 of the Spider
                  | Nest)
 42686 | Spider:3 | Reached skill level 10 in Slings
 42934 | Spider:3 | Reached skill level 18 in Stealth
 44296 | Spider:4 | Entered Level 4 of the Spider Nest
 44367 | Spider:4 | Reached skill level 1 in Transmutations
 44720 | Spider:4 | Reached skill level 1 in Earth Magic
 44765 | Spider:4 | Received a gift from Okawaru
 44910 | Spider:4 | Noticed Arachne
 44937 | Spider:3 | Killed Arachne
 44937 | Spider:3 | Reached XP level 17. HP: 71/86 MP: 31/33
 46351 | Spider:4 | Got a gossamer rune of Zot
 46450 | Spider:4 | Received a gift from Okawaru
 46964 | Spider:4 | Received a gift from Okawaru
 47650 | Shoals:1 | Entered Level 1 of the Shoals
 48185 | Shoals:1 | Received a gift from Okawaru
 48595 | Shoals:1 | Upgraded the game from 0.24-a0-181-gd121a6d4c0 to
                  | 0.24-a0-182-gc7eaa07895
 48649 | Shoals:1 | Learned a level 4 spell: Summon Ice Beast
 48762 | Shoals:2 | Reached skill level 19 in Stealth
 48917 | Shoals:2 | Killed from afar by a wind drake

Levels and vault maps discovered:
D:1:      onia_arrival_pyramid, layout_loops_corners
D:2:      layout_rooms, lemuel_zombie_altar_yredelemnul, lemuel_blue_sif_altar,
          hex_medium
D:3:      cheibrodos_pilgrimage, layout_basic, old_standard_altar,
          lightli_sewer_entry_pipes, tso_altar, uniq_ijyb, uniq_grinder
D:4:      layout_loops_ring, old_standard_altar, minmay_temple_entry_slanted,
          minivault_27
D:5:      layout_loops_ring, fiery_altar_vehumet, first_ration,
          ebering_ghost_disaster_area, serial_shops, shop_fountains,
          serial_bayou_ford_a, uniq_menkaure
D:6:      layout_basic, nicolae_dithmenos_the_darkroom,
          nicolae_overflow_crystal_walls, minmay_hedge_maze, minmay_liquid_box
D:7:      layout_rooms
D:8:      layout_loops_corners, fedhas_altar_3, special_room [special_room_orc],
          grunt_ogre_cave, small_chamber_with_monster, grunt_gozag_statues
D:9:      layout_roguey, nicolae_ru_great_annihilating_truth, erik_lair_island,
          minmay_diamond_spiral
D:10:     layout_gridville, ebering_ghost_gozag
D:11:     layout_roguey [special_room_bee], minmay_misc_feat_rows,
          lemuel_mausoleum_altar_kikubaaqudgha
D:12:     layout_irregular_city, orc_0_dummy, gauntlet_entry_generic
D:13:     layout_loops_corners
D:14:     layout_irregular_city, ximxim_vaults_locker_room
D:15:     hangedman_depths_entry_try_elsewhere_first, layout_loops_ring,
          gammafunk_ghost_necromancy, abandoned_shop, grunt_ministairs_1,
          dispersion_dpeg, uniq_kirke
Temple:   nicolae_temple_figure_eight
Lair:1:   wander_river, layout_concentric_octagons, st_stairs_9,
          serial_bayou_shore_a, uniq_sonja
Lair:2:   layout_loops_ring, enter_volcano_2, st_stairs_7
Lair:3:   layout_roguey, uniq_nergalle
Lair:4:   layout_small_grid, shoals_dummy_entry, spider_nest_entry_funnel_web,
          st_stairs_9, grunt_megastairs_3, minmay_lair_oklob_chamber
Lair:5:   layout_gridlike, dpeg_slime_entry_enclosed_altar,
          chequers_serial_rivers_marsh, infiniplex_staircase_pool_2,
          lemuel_fruit_tree
Lair:6:   wormcave, layout_gridlike, guppyfry_lair_end_dragon
Shoals:1: layout_shoals
Shoals:2: layout_shoals, nicolae_shoals_this_corrosion
Spider:1: layout_spider_delve, nicolae_crawler_farm, uniq_rupert
Spider:2: layout_spider_delve
Spider:3: layout_chambers, nicolae_spider_cling_halls
Spider:4: johnstein_spider_rune_arachne_lair
Orc:1:    layout_diamond_mine
Orc:2:    grunt_orc_community_town_hall, layout_diamond_mine,
          grunt_orc_community_big_house_1, grunt_orc_community_big_house_2,
          grunt_orc_community_house_1, grunt_orc_community_house_2,
          grunt_orc_community_house_2, grunt_orc_community_house_2,
          grunt_orc_community_house_2
Sewer:    kennysheep_door_sewer
Gauntlet: gammafunk_gauntlet_shortcut [gammafunk_gauntlet_arena_chambers,
          gammafunk_gauntlet_arena_hedges, gammafunk_gauntlet_arena_crates,
          minmay_gauntlet_arena_make_your_own_arena,
          gammafunk_gauntlet_arena_grid, gammafunk_gauntlet_arena_arrow_garden,
          gauntlet_exit_watery]

Skill      XL: |  1  2  3  4  5  6  7  8  9 10 11 12 13 14 15 16 17 |
---------------+----------------------------------------------------+-----
Stealth        | 5 6 7 8 9 12 13 15 16 17 18 19 | 19.0
Short Blades   | 2 3 4 5 8 9 10 12 | 12.3
Shields        | 1 2 3 4 5 7 |  7.4
Hexes          | 4 7 8 9 10 12 | 12.0
Spellcasting   | 3 4 6 8 10 11 | 11.9
Fighting       | 2 3 4 6 7 8 9 |  9.6
Invocations    | 2 6 7 8 9 |  9.0
Dodging        | 5 9 11 13 15 16 17 18 | 18.4
Summonings     | 3 6 |  6.0
Slings         | 4 8 10 | 10.0
Transmutations | 2 3 |  3.0
Earth Magic    | 1 3 |  3.0

Action                   |  1- 3 |  4- 6 |  7- 9 | 10-12 | 13-15 | 16-18 || total
-------------------------+-------+-------+-------+-------+-------+-------++-------
Melee: Dagger            |   140 |   178 |   377 |   618 |  1148 |  1350 ||  3811
       Scimitar          |       |       |       |     2 |    67 |    95 ||   164
       Quick blade       |       |       |       |       |   659 |       ||   659
       Rapier            |       |       |       |       |       |   120 ||   120
 Fire: Hunting sling     |       |       |       |     8 |    18 |       ||    26
       Blowgun           |       |       |       |       |     4 |       ||     4
       Fustibalus        |       |       |       |       |     1 |    50 ||    51
Throw: Stone             |    14 |       |     1 |       |       |       ||    15
 Cast: Corona            |     6 |     1 |       |       |       |       ||     7
       Ensorcelled Hiber |    16 |    28 |   138 |   259 |   372 |    46 ||   859
       Confuse           |       |    13 |    20 |    67 |   108 |    16 ||   224
       Tukima's Dance    |       |     1 |     1 |     2 |     2 |       ||     6
       Dazzling Spray    |       |       |       |     4 |     9 |       ||    13
       Confusing Touch   |       |       |       |       |     1 |    17 ||    18
Invok: Heroism           |       |       |     2 |     3 |     5 |     6 ||    16
Evoke: Wand              |       |     1 |     2 |     7 |       |       ||    10
  Use: Scroll            |     3 |     7 |    13 |     4 |    13 |    11 ||    51
       Potion            |       |       |       |     2 |     3 |       ||     5
 Stab: Sleeping          |    18 |    29 |    78 |   151 |   209 |    52 ||   537
       Distracted        |     1 |     1 |       |     2 |     7 |    11 ||    22
       Confused          |       |     5 |     9 |    37 |    58 |    24 ||   133
       Paralysed         |       |       |     1 |       |       |       ||     1
       Invisible         |       |       |       |       |    12 |       ||    12
  Eat: Ration            |       |     4 |     7 |    14 |    11 |     6 ||    42
Armor: Robe              |    16 |    26 |    30 |    32 |       |       ||   104
       Swamp dragon scal |       |       |       |    12 |   134 |   304 ||   450
       Acid dragon scale |       |       |       |       |    82 |       ||    82
Dodge: Dodged            |    81 |   101 |   148 |   516 |  1153 |  1659 ||  3658
Block: Buckler           |     9 |    47 |    96 |   240 |   532 |   772 ||  1696
       Reflection        |       |       |       |       |       |    11 ||    11
       Rpst.: Scimitar   |       |       |       |       |    12 |    18 ||    30

Table legend:
 A = Non-vault XP
 B = Vault XP
 C = Vault XP percentage of total XP
 D = Non-vault monster count
 E = Vault monster count
 F = Vault count percentage of total count
                 A         B        C        D         E       F
            +---------+---------+-------+---------+---------+-------
      Total |  183123 |   85650 |  31.9 |     844 |     301 |  26.3
            +---------+---------+-------+---------+---------+-------
        D:1 |      40 |       0 |   0.0 |      18 |       0 |   0.0
        D:2 |     312 |       3 |   1.0 |      25 |       2 |   7.4
        D:3 |      99 |     471 |  82.6 |      26 |      13 |  33.3
        D:4 |     556 |     175 |  23.9 |      35 |       1 |   2.8
        D:5 |     401 |       0 |   0.0 |      13 |       0 |   0.0
        D:6 |     143 |       0 |   0.0 |       4 |       0 |   0.0
        D:7 |     600 |       0 |   0.0 |      10 |       0 |   0.0
        D:8 |    1620 |     453 |  21.9 |      22 |      22 |  50.0
        D:9 |    2912 |    3024 |  50.9 |      36 |      14 |  28.0
       D:10 |    2234 |     127 |   5.4 |      28 |       2 |   6.7
       D:11 |    3408 |    2550 |  42.8 |      29 |      36 |  55.4
       D:12 |    5610 |       0 |   0.0 |      44 |       0 |   0.0
       D:13 |    5971 |       0 |   0.0 |      36 |       0 |   0.0
       D:14 |    9881 |    5294 |  34.9 |      37 |      11 |  22.9
       D:15 |    8936 |   11035 |  55.3 |      30 |      11 |  26.8
     Temple |      42 |       0 |   0.0 |       1 |       0 |   0.0
     Lair:1 |    2903 |     907 |  23.8 |      15 |       2 |  11.8
     Lair:2 |    8001 |     100 |   1.2 |      29 |       1 |   3.3
     Lair:3 |    5434 |     781 |  12.6 |      17 |       1 |   5.6
     Lair:4 |    9485 |    4179 |  30.6 |      19 |      15 |  44.1
     Lair:5 |    8811 |       0 |   0.0 |      33 |       0 |   0.0
     Lair:6 |   12649 |   11749 |  48.2 |      39 |      32 |  45.1
   Shoals:1 |    7773 |       0 |   0.0 |      18 |       0 |   0.0
   Shoals:2 |    4491 |       0 |   0.0 |      10 |       0 |   0.0
   Spider:1 |   18012 |    5257 |  22.6 |      47 |       8 |  14.5
   Spider:2 |   16777 |       0 |   0.0 |      48 |       0 |   0.0
   Spider:3 |   22011 |    9162 |  29.4 |      71 |       7 |   9.0
   Spider:4 |   16210 |   20479 |  55.8 |      34 |      45 |  57.0
      Orc:1 |    5015 |       0 |   0.0 |      49 |       0 |   0.0
      Orc:2 |    2786 |    9756 |  77.8 |      21 |      72 |  77.4
      Sewer |       0 |     148 | 100.0 |       0 |       6 | 100.0
            +---------+---------+-------+---------+---------+-------
